MLB
PHILADELPHIA PHILLIES @ WASHINGTON NATIONALS
06/09/2098
 
TOP OF THE 1ST
Philadelphia Phillies batting - Pitching for Washington Nationals : RHP Kyle Barr
Pitching: RHP Kyle Barr
Batting: RHB Ryan Klepper 0-0: Ball
1-0: Called Strike
1-1: Foul Ball, location: 2F
1-2: Ball
2-2: Strikes out swinging
Batting: RHB Jason Waid 0-0: Ball
1-0: Ball
2-0: Foul Ball, location: 2F
2-1: Foul Ball, location: 3FF
2-2: Foul Ball, location: 9LDF
2-2: Strikes out swinging
Batting: SHB Tim Spotton 0-0: Fly out, F8 (Flyball, 8RM, EV 75.0 MPH)
Top of the 1st over - 0 runs, 0 hits, 0 errors, 0 left on base; Philadelphia 0 - Washington 0
BOTTOM OF THE 1ST
Washington Nationals batting - Pitching for Philadelphia Phillies : RHP Nick Farrier
Pitching: RHP Nick Farrier
Batting: RHB Luis Rivera 0-0: Foul Ball, location: 25FF
0-1: Ball
1-1: Called Strike
1-2: Ball
2-2: Strikes out swinging
Batting: SHB Kyle Spencer 0-0: Called Strike
0-1: Foul Ball, location: 2F
0-2: Ball
1-2: Ball
2-2: Foul Ball, location: 7LMF
2-2: Foul Ball, location: 7LDF
2-2: DOUBLE (Flyball, 8LXD, EV 100.0 MPH)
Batting: RHB Jon Young 0-0: DOUBLE (Groundball, 5L, EV 108.8 MPH)
Kyle Spencer scores
Batting: LHB Jose Lara 0-0: Ball
1-0: Ball
2-0: Called Strike
2-1: Called Strike
2-2: Strikes out swinging
Batting: SHB Everett Anderson 0-0: Foul Ball, location: 7LSF
0-1: Swinging Strike
0-2: Ball
1-2: Ball
2-2: Foul Ball, location: 9LSF
2-2: Strikes out swinging
Bottom of the 1st over - 1 run, 2 hits, 0 errors, 1 left on base; Philadelphia 0 - Washington 1
TOP OF THE 2ND
Philadelphia Phillies batting - Pitching for Washington Nationals : RHP Kyle Barr
Batting: SHB Pete Ray 0-0: Ball
1-0: Ball
2-0: SOLO HOME RUN (Flyball, 89XD, EV 100.0 MPH), Distance : 388 ft
Batting: RHB Luis Esquivel 0-0: Called Strike
0-1: Ball
1-1: Foul Ball, location: 3F
1-2: Foul Ball, location: 2F
1-2: Ball
2-2: Foul Ball, location: 2F
2-2: Strikes out looking
Batting: RHB Vicente Vargas 0-0: Called Strike
0-1: Ball
1-1: Ball
2-1: Fly out, F9 (Line Drive, 9LS, EV 94.4 MPH)
Batting: RHB Allan Alessi 0-0: Called Strike
0-1: Ground out 5-3 (Groundball, 56, EV 88.1 MPH)
Top of the 2nd over - 1 run, 1 hit, 0 errors, 0 left on base; Philadelphia 1 - Washington 1
BOTTOM OF THE 2ND
Washington Nationals batting - Pitching for Philadelphia Phillies : RHP Nick Farrier
Batting: RHB Mario Garcia 0-0: Ball
1-0: Ball
2-0: Ball
3-0: Called Strike
3-1: SOLO HOME RUN (Flyball, 7LD, EV 96.3 MPH), Distance : 375 ft
Batting: RHB Isaiah Williams 0-0: Fly out, F7 (Flyball, 7, EV 75.0 MPH)
Batting: RHB Jose Orozco 0-0: Called Strike
0-1: Foul Ball, location: 25F
0-2: Strikes out looking
Batting: LHB Sean Weaver 0-0: Ball
1-0: Ball
2-0: Ball
3-0: Called Strike
3-1: Foul Ball, location: 2F
3-2: Base on Balls
Batting: RHB Luis Rivera 0-0: SINGLE (Line Drive, 89S, EV 95.6 MPH)
Sean Weaver to second
Batting: SHB Kyle Spencer 0-0: Ball
1-0: Ball
2-0: Swinging Strike
2-1: Foul Ball, location: 5FF
2-2: Foul Ball, location: 2F
2-2: Strikes out swinging
Bottom of the 2nd over - 1 run, 2 hits, 0 errors, 2 left on base; Philadelphia 1 - Washington 2
TOP OF THE 3RD
Philadelphia Phillies batting - Pitching for Washington Nationals : RHP Kyle Barr
Batting: RHB Aaron Marler 0-0: Called Strike
0-1: Ball
1-1: Ball
2-1: Swinging Strike
2-2: Foul Ball, location: 9LMF
2-2: Fly out, F7 (Flyball, 7LM, EV 86.3 MPH)
Batting: RHB Josh Hester 0-0: Ball
1-0: Called Strike
1-1: Ball
2-1: Ground out U3 (Groundball, 34, EV 88.1 MPH)
Batting: RHB Ryan Klepper 0-0: Ball
1-0: Foul Ball, location: 2F
1-1: Foul Ball, location: 5FF
1-2: Ball
2-2: Foul Ball, location: 2F
2-2: Strikes out swinging
Top of the 3rd over - 0 runs, 0 hits, 0 errors, 0 left on base; Philadelphia 1 - Washington 2
BOTTOM OF THE 3RD
Washington Nationals batting - Pitching for Philadelphia Phillies : RHP Nick Farrier
Batting: RHB Jon Young 0-0: SOLO HOME RUN (Flyball, 78XD, EV 103.8 MPH), Distance : 416 ft
Batting: LHB Jose Lara 0-0: Ball
1-0: Foul Ball, location: 25F
1-1: Called Strike
1-2: Foul Ball, location: 2F
1-2: Ball
2-2: Strikes out swinging
Batting: SHB Everett Anderson 0-0: Swinging Strike
0-1: Ball
1-1: Ball
2-1: DOUBLE (Flyball, 8LXD, EV 89.4 MPH)
Pinch Runner at 2nd Juan Chavez:
Batting: RHB Mario Garcia 0-0: Ball
1-0: Ball
2-0: Ball
3-0: Base on Balls
Batting: RHB Isaiah Williams 0-0: Ball
1-0: Called Strike
1-1: Foul Ball, location: 7LSF
1-2: DOUBLE (Line Drive, 3D, EV 94.4 MPH)
Juan Chavez scores
Mario Garcia to third
Runner from 3rd tries for Home, SAFE, throw by RF to home
Pitching: RHP Chris Windows
Batting: RHB Jose Orozco 0-0: Ball
1-0: Swinging Strike
1-1: Called Strike
1-2: Strikes out swinging
Batting: LHB Sean Weaver 0-0: Ball
1-0: Foul Ball, location: 2F
1-1: 2-RUN HOME RUN (Flyball, 9LD, EV 93.8 MPH), Distance : 346 ft
Batting: RHB Luis Rivera 0-0: Ground out 1-3 (Groundball, 13, EV 66.3 MPH)
Bottom of the 3rd over - 5 runs, 4 hits, 0 errors, 0 left on base; Philadelphia 1 - Washington 7
TOP OF THE 4TH
Philadelphia Phillies batting - Pitching for Washington Nationals : RHP Kyle Barr
Batting: RHB Jason Waid 0-0: Ground out 1-3 (Groundball, 15S, EV 68.1 MPH)
Batting: SHB Tim Spotton 0-0: Ball
1-0: Foul Ball, location: 23F
1-1: Fly out, F4 (Line Drive, 4, EV 68.1 MPH)
Batting: SHB Pete Ray 0-0: Ball
1-0: Called Strike
1-1: Ball
2-1: Ball
3-1: DOUBLE (Line Drive, 78XD, EV 97.5 MPH)
Batting: RHB Luis Esquivel 0-0: Swinging Strike
0-1: Ball
1-1: Foul Ball, location: 9LMF
1-2: Strikes out swinging
Top of the 4th over - 0 runs, 1 hit, 0 errors, 1 left on base; Philadelphia 1 - Washington 7
BOTTOM OF THE 4TH
Washington Nationals batting - Pitching for Philadelphia Phillies : RHP Chris Windows
Batting: SHB Kyle Spencer 0-0: Ball
1-0: Ball
2-0: SOLO HOME RUN (Flyball, 78XD, EV 101.3 MPH), Distance : 389 ft
Batting: RHB Jon Young 0-0: Fly out, F8 (Flyball, 8RD, EV 95.6 MPH)
Batting: LHB Jose Lara 0-0: Called Strike
0-1: Ball
1-1: Ground out U3 (Groundball, 3, EV 95.0 MPH)
Batting: LHB Juan Chavez 0-0: Ball
1-0: Called Strike
1-1: Foul Ball, location: 23FF
1-2: Strikes out swinging
Bottom of the 4th over - 1 run, 1 hit, 0 errors, 0 left on base; Philadelphia 1 - Washington 8
TOP OF THE 5TH
Philadelphia Phillies batting - Pitching for Washington Nationals : RHP Kyle Barr
Batting: RHB Vicente Vargas 0-0: Ground out 4-3 (Groundball, 4, EV 98.1 MPH)
Batting: RHB Allan Alessi 0-0: Called Strike
0-1: Ball
1-1: Swinging Strike
1-2: Foul Ball, location: 5FF
1-2: Ball
2-2: Foul Ball, location: 2LF
2-2: Foul Ball, location: 2F
2-2: Foul Ball, location: 2F
2-2: Strikes out swinging
Batting: RHB Aaron Marler 0-0: Ball
1-0: Fly out, F9 (Flyball, 9D, EV 111.3 MPH)
Top of the 5th over - 0 runs, 0 hits, 0 errors, 0 left on base; Philadelphia 1 - Washington 8
BOTTOM OF THE 5TH
Washington Nationals batting - Pitching for Philadelphia Phillies : RHP Chris Windows
Batting: RHB Mario Garcia 0-0: Ball
1-0: Foul Ball, location: 2F
1-1: Ball
2-1: DOUBLE (Flyball, 8LXD, EV 97.5 MPH)
Batting: RHB Isaiah Williams 0-0: Ball
1-0: Foul Ball, location: 2F
1-1: Foul Ball, location: 2F
1-2: Foul Ball, location: 9LMF
1-2: Strikes out swinging
Batting: RHB Jose Orozco 0-0: Called Strike
0-1: Swinging Strike
0-2: Ball
1-2: Fly out, F9 (Flyball, 9, EV 91.3 MPH)
Batting: LHB Sean Weaver 0-0: Fly out, F9 (Line Drive, 9, EV 108.1 MPH)
Bottom of the 5th over - 0 runs, 1 hit, 0 errors, 1 left on base; Philadelphia 1 - Washington 8
TOP OF THE 6TH
Philadelphia Phillies batting - Pitching for Washington Nationals : RHP Kyle Barr
Batting: RHB Josh Hester 0-0: SOLO HOME RUN (Flyball, 7D, EV 96.3 MPH), Distance : 362 ft
Batting: RHB Ryan Klepper 0-0: Ball
1-0: Foul Ball, location: 2F
1-1: Foul Ball, location: 7LMF
1-2: Strikes out swinging
Batting: RHB Jason Waid 0-0: Ball
1-0: Fly out, F9 (Flyball, 89M, EV 86.9 MPH)
Batting: SHB Tim Spotton 0-0: DOUBLE (Flyball, 89XD, EV 93.8 MPH)
Batting: SHB Pete Ray 0-0: Foul Ball, location: 7LDF
0-1: Foul Ball, location: 7LMF
0-2: Ball
1-2: Foul Ball, location: 7LDF
1-2: Ball
2-2: Foul Ball, location: 5FF
2-2: Ball
3-2: 2-RUN HOME RUN (Flyball, 89XD, EV 100.6 MPH), Distance : 391 ft
Batting: RHB Luis Esquivel 0-0: Ball
1-0: Ground out 4-3 (Groundball, 34, EV 85.6 MPH)
Top of the 6th over - 3 runs, 3 hits, 0 errors, 0 left on base; Philadelphia 4 - Washington 8
BOTTOM OF THE 6TH
Washington Nationals batting - Pitching for Philadelphia Phillies : RHP Chris Windows
Batting: RHB Luis Rivera 0-0: Ball
1-0: Ball
2-0: Foul Ball, location: 9LMF
2-1: Foul Ball, location: 25F
2-2: Ball
3-2: Foul Ball, location: 2F
3-2: Foul Ball, location: 25F
3-2: Fly out, F7 (Flyball, 78S, EV 93.8 MPH)
Batting: SHB Kyle Spencer 0-0: Called Strike
0-1: Ball
1-1: Ball
2-1: Called Strike
2-2: Ball
3-2: SINGLE (Line Drive, 78M, EV 94.4 MPH)
Pitching: RHP DeAndre Hart
Batting: RHB Jon Young 0-0: Ball
1-0: Fly out, F8 (Flyball, 8RD, EV 109.4 MPH)
Batting: LHB Jose Lara 0-0: Ball
1-0: 2-RUN HOME RUN (Flyball, 7D, EV 94.4 MPH), Distance : 365 ft
Batting: LHB Juan Chavez 0-0: Ground out 6-3 (Groundball, 6M, EV 88.1 MPH)
Bottom of the 6th over - 2 runs, 2 hits, 0 errors, 0 left on base; Philadelphia 4 - Washington 10
TOP OF THE 7TH
Philadelphia Phillies batting - Pitching for Washington Nationals : RHP Kyle Barr
Batting: RHB Vicente Vargas 0-0: Foul Ball, location: 2F
0-1: Ground out 6-3 (Groundball, 6MS, EV 68.1 MPH)
Pitching: LHP Joe Pullen
Batting: RHB Allan Alessi 0-0: Fly out, F4 (Popup, 4D, EV 46.3 MPH)
Batting: RHB Aaron Marler 0-0: Ground out 6-3 (Groundball, 6, EV 81.9 MPH)
Top of the 7th over - 0 runs, 0 hits, 0 errors, 0 left on base; Philadelphia 4 - Washington 10
BOTTOM OF THE 7TH
Washington Nationals batting - Pitching for Philadelphia Phillies : RHP DeAndre Hart
Batting: RHB Mario Garcia 0-0: Foul Ball, location: 9LSF
0-1: Ball
1-1: Ball
2-1: Fly out, F4 (Popup, 13, EV 90.6 MPH)
Batting: RHB Isaiah Williams 0-0: Swinging Strike
0-1: Foul Ball, location: 9LSF
0-2: Strikes out swinging
Batting: RHB Jose Orozco 0-0: Called Strike
0-1: Foul Ball, location: 2F
0-2: Ball
1-2: Strikes out swinging
Bottom of the 7th over - 0 runs, 0 hits, 0 errors, 0 left on base; Philadelphia 4 - Washington 10
TOP OF THE 8TH
Philadelphia Phillies batting - Pitching for Washington Nationals : LHP Joe Pullen
Batting: RHB Josh Hester 0-0: Ball
1-0: Ball
2-0: Ball
3-0: Base on Balls
Batting: RHB Ryan Klepper 0-0: Foul Ball, location: 2F
0-1: Ball
1-1: Called Strike
1-2: Ball
2-2: Ball
3-2: Foul Ball, location: 2F
3-2: Foul Ball, location: 2F
3-2: Base on Balls
Josh Hester to second
Batting: RHB Jason Waid 0-0: Foul Ball, location: 9LDF
0-1: Ball
Wild Pitch!
Josh Hester to third
Ryan Klepper to second
1-1: 3-RUN HOME RUN (Line Drive, 7D, EV 96.9 MPH), Distance : 370 ft
Pitching: LHP Manny Arellano
Batting: SHB Tim Spotton 0-0: Ground out 5-3 (Groundball, 5, EV 87.5 MPH)
Batting: SHB Pete Ray 0-0: Called Strike
0-1: Swinging Strike
0-2: Foul Ball, location: 2F
0-2: Ball
1-2: Fly out, F4 (Popup, 13, EV 90.0 MPH)
Batting: RHB Luis Esquivel 0-0: Ball
1-0: Fly out, F8 (Flyball, 8LXD, EV 103.8 MPH)
Top of the 8th over - 3 runs, 1 hit, 0 errors, 0 left on base; Philadelphia 7 - Washington 10
BOTTOM OF THE 8TH
Washington Nationals batting - Pitching for Philadelphia Phillies : RHP DeAndre Hart
Batting: LHB Sean Weaver 0-0: Ball
1-0: Foul Ball, location: 2F
1-1: Called Strike
1-2: Ball
2-2: Ball
3-2: Foul Ball, location: 25F
3-2: Base on Balls
Batting: RHB Luis Rivera 0-0: Called Strike
0-1: Called Strike
0-2: DOUBLE (Groundball, 5L, EV 95.0 MPH)
Sean Weaver to third
Batting: SHB Kyle Spencer 0-0: SINGLE (Groundball, 34D, EV 98.1 MPH)
Sean Weaver scores
Luis Rivera to third
Batting: RHB Jon Young 0-0: Ball
1-0: Ball
2-0: Called Strike
2-1: Ball
3-1: Called Strike
3-2: Strikes out swinging
Pitching: LHP Jason Boles
Batting: LHB Jose Lara 0-0: Called Strike
0-1: Ball
1-1: Ball
2-1: Called Strike
2-2: Foul Ball, location: 7LMF
2-2: Fly out, F2 (Popup, 2LF, EV 95.6 MPH)
Batting: LHB Juan Chavez 0-0: Called Strike
0-1: Ball
1-1: Foul Ball, location: 7LDF
1-2: Foul Ball, location: 9LMF
1-2: Ball
2-2: Foul Ball, location: 25F
2-2: Foul Ball, location: 2F
2-2: DOUBLE (Line Drive, 9LD, EV 106.3 MPH)
Luis Rivera scores
Kyle Spencer to third
Runner from 3rd tries for Home, SAFE, throw by RF to home
Batting: RHB Mario Garcia 0-0: Ball
1-0: Called Strike
1-1: SINGLE (Line Drive, 56D, EV 96.3 MPH)
Juan Chavez to third
Runner from 3rd tries for Home, SAFE, throw by LF to home
Pitching: LHP Bronson Kellerman
Batting: RHB Isaiah Williams 0-0: Ball
1-0: Called Strike
1-1: Ball
2-1: Fly out, F7 (Flyball, 7D, EV 99.4 MPH)
Bottom of the 8th over - 4 runs, 4 hits, 0 errors, 1 left on base; Philadelphia 7 - Washington 14
TOP OF THE 9TH
Philadelphia Phillies batting - Pitching for Washington Nationals : LHP Manny Arellano
Pinch Hitting: SHB Cesar Quinteros 0-0: Ball
1-0: Ground out 2-3 (Groundball, 15S, EV 67.5 MPH)
Pinch Hitting: RHB John Zanin 0-0: Ball
1-0: Called Strike
1-1: Ball
2-1: Foul Ball, location: 5FF
2-2: Ball
3-2: Base on Balls
Batting: RHB Aaron Marler 0-0: Ball
1-0: Ball
2-0: Foul Ball, location: 5SF
2-1: Foul Ball, location: 2F
2-2: Foul Ball, location: 2F
2-2: Foul Ball, location: 3FF
2-2: DOUBLE (Line Drive, 8RXD, EV 109.4 MPH)
John Zanin to third
Batting: RHB Josh Hester 0-0: Ball
1-0: Foul Ball, location: 7LMFF
1-1: Ball
2-1: Fly out, F8 (Flyball, 8LD, EV 103.1 MPH)
Runner from 3rd tags up, SCORES, no throw by CF
Batting: RHB Ryan Klepper 0-0: Ball
1-0: Foul Ball, location: 25FF
1-1: Swinging Strike
1-2: Strikes out swinging
Top of the 9th over - 1 run, 1 hit, 0 errors, 1 left on base; Philadelphia 8 - Washington 14
Saturday, April 6th , 2024 - OOTP Baseball 24.11 Build 85